Ste. Rose Royals vs Newfoundland Shamrocks
Created - Thursday, April 6, 2023 at 07:17
Goals
|
| Ste. Rose Royals |
0 |
1 |
1 |
2 |
| Newfoundland Shamrocks |
0 |
1 |
0 |
1 |
|
Shots
|
| Ste. Rose Royals |
5 |
18 |
11 |
34 |
| Newfoundland Shamrocks |
18 |
10 |
9 |
37 |
|
1st period
No Goal
Penalties :
Mark Borowiecki (BWK) for Holding (Minor) at 10:03, Mike Reilly (BWK) for Tripping (Minor) at 14:25, Mark Borowiecki (BWK) for Roughing (Minor) at 17:25
2nd period
1. Newfoundland Shamrocks , Sam Poulin 5 (Dylan Coghlan 7, Filip Hallander 2) at 1:12
2. Ste. Rose Royals , Kristian Vesalainen 1 (Grigori Denisenko 2, Klim Kostin 6) at 2:01
Penalties :
Dylan Coghlan (NFS) for Hooking (Minor) at 2:06, Nathan Beaulieu (BWK) for Interference (Minor) at 5:48
3rd period
3. Ste. Rose Royals , Kristian Vesalainen 2 (Nathan Beaulieu 8, Tanner Fritz 1) at 16:17
Penalties :
Greg Pateryn (BWK) for Cross-checking (Minor) at 2:14, Semyon Der-Arguchintsev (NFS) for Interference (Minor) at 13:16
Goalie Stats
Pavel Francouz (BWK), 36 saves from 37 shots - (0.973), W, 2-1-0, 60:00 minutes
Louis Domingue (NFS), 32 saves from 34 shots - (0.941), L, 2-6-3, 60:00 minutes
Players Stats for Ste. Rose Royals
Player Name G A P +/- PIM S H SB GA TA FO MP PP MP PK MP
------------------------------------------------------------------------------------
Brendan Perlini 0 0 0 0 0 1 2 0 0 0 0/2 12:45 0:03 0:46
Colin Blackwell 0 0 0 0 0 3 0 2 0 1 0/0 14:00 1:53 0:00
Derek Ryan 0 0 0 -1 0 2 2 0 0 0 7/16 20:31 2:02 5:04
Greg Pateryn 0 0 0 1 2 1 3 0 1 1 0/0 14:44 0:00 0:02
Grigori Denisenko 0 1 1 2 0 2 1 0 0 0 0/0 9:10 0:00 0:42
Jaycob Megna 0 0 0 0 0 2 1 3 0 1 0/0 23:46 2:14 5:28
Joel Armia 0 0 0 -1 0 2 2 0 2 2 2/3 20:09 2:02 4:08
Joel Hanley 0 0 0 1 0 3 2 2 0 1 0/0 19:38 0:00 3:46
Kaapo Kakko 0 0 0 -1 0 5 2 2 1 0 1/3 20:31 2:02 5:04
Klim Kostin 0 1 1 0 0 1 2 0 0 0 0/1 11:27 0:03 0:00
Kristian Vesalainen 2 0 2 2 0 2 1 1 0 0 1/1 8:04 0:00 0:00
Mark Borowiecki 0 0 0 0 4 1 1 0 0 0 0/0 21:22 2:14 2:58
Matthew Peca 0 0 0 0 0 2 0 0 0 1 0/1 14:00 1:53 0:00
Mike Reilly 0 0 0 0 2 0 0 2 0 1 0/0 21:02 1:44 4:32
Nathan Beaulieu 0 1 1 0 2 1 0 3 1 2 0/0 20:17 1:44 3:04
Ryan Poehling 0 0 0 0 0 5 0 1 0 1 5/11 11:41 0:03 0:00
Tanner Fritz 0 1 1 2 0 0 2 0 0 1 0/1 8:04 0:00 0:00
Trevor Lewis 0 0 0 0 0 1 0 2 2 0 5/13 18:49 1:53 4:06
Players Stats for Newfoundland Shamrocks
Player Name G A P +/- PIM S H SB GA TA FO MP PP MP PK MP
------------------------------------------------------------------------------------
Alec Regula 0 0 0 -1 0 2 1 1 0 2 0/0 18:30 0:26 1:27
Alex Chiasson 0 0 0 -1 0 1 3 1 2 0 0/0 18:31 4:46 0:47
Denis Gurianov 0 0 0 -1 0 8 1 0 3 0 1/1 18:05 4:07 0:00
Drew O'Connor 0 0 0 0 0 1 0 1 0 1 1/1 12:54 0:38 1:57
Dylan Coghlan 0 1 1 0 2 3 2 0 2 1 0/0 20:07 0:26 1:03
Filip Hallander 0 1 1 1 0 0 2 0 0 0 0/0 9:00 0:21 0:51
Jacob Bernard-Docker 0 0 0 0 0 2 2 0 0 0 0/0 16:22 4:46 0:42
Jon Merrill 0 0 0 0 0 0 0 2 1 0 0/0 22:22 0:52 2:08
Max Comtois 0 0 0 -1 0 3 0 0 2 0 0/0 19:07 4:47 0:00
Nicolas Deslauriers 0 0 0 -1 0 1 2 0 1 0 0/0 19:01 4:14 1:03
Raphael Lavoie 0 0 0 -1 0 4 2 1 1 1 7/14 19:10 4:45 0:00
Riley Barber 0 0 0 0 0 3 0 0 0 1 0/0 14:07 4:07 0:00
Sam Poulin 1 0 1 1 0 1 1 0 0 0 0/0 13:51 4:51 0:00
Sean Monahan 0 0 0 -1 0 3 0 0 0 0 16/26 17:04 0:47 2:01
Semyon Der-Arguchintsev 0 0 0 1 2 2 0 1 0 0 1/2 12:14 4:04 0:00
Tanner Laczynski 0 0 0 0 0 1 2 2 0 0 5/8 12:01 0:52 1:17
Ville Heinola 0 0 0 -1 0 1 3 2 0 0 0/0 21:05 4:14 1:09
Wyatte Wylie 0 0 0 0 0 1 0 0 0 1 0/0 12:29 0:32 1:27
3 Stars
1 - Pavel Francouz (BWK)
2 - Kristian Vesalainen (BWK)
3 - Tanner Fritz (BWK)
Power Play
Ste. Rose Royals - 0 on 2 Attempt(s) - 0.00%
Newfoundland Shamrocks - 0 on 5 Attempt(s) - 0.00%
Penalty Kill
Ste. Rose Royals - 5 on 5 Attempt(s) - 100.00%
- Score 0 goal in Penalty Kill
Newfoundland Shamrocks - 2 on 2 Attempt(s) - 100.00%
- Score 0 goal in Penalty Kill
Team Stat
Ste. Rose Royals - Hits : 21 - Faceoff Wins : 21 - Blocked Shots : 18 - Penalty Minutes : 10
Newfoundland Shamrocks - Hits : 21 - Faceoff Wins : 31 - Blocked Shots : 11 - Penalty Minutes : 4
Official
Referees : Unknown
Linesman : Unknown
Game Notes
No Game Note
Ste. Rose Royals
5 vs 5 Forward
Center Left Wing Right Wing Time % Phy DF OF
1 Derek Ryan Joel Armia Kaapo Kakko 30 1 2 2
2 Trevor Lewis Colin Blackwell Matthew Peca 30 1 2 2
3 Ryan Poehling Klim Kostin Brendan Perlini 25 1 2 2
4 Tanner Fritz Kristian Vesalainen Grigori Denisenko 15 1 2 2
5 vs 5 Defense
Defense Defense Time % Phy DF OF
1 Mark Borowiecki Jaycob Megna 35 1 2 2
2 Mike Reilly Nathan Beaulieu 35 1 2 2
3 Greg Pateryn Joel Hanley 30 1 2 2
4 Mark Borowiecki Jaycob Megna 0 1 2 2
PowerPlay Forward
Center Left Wing Right Wing Time % Phy DF OF
1 Derek Ryan Joel Armia Kaapo Kakko 50 1 2 2
2 Trevor Lewis Colin Blackwell Matthew Peca 50 1 2 2
PowerPlay Defense
Defense Defense Time % Phy DF OF
1 Mark Borowiecki Jaycob Megna 50 1 2 2
2 Mike Reilly Nathan Beaulieu 50 1 2 2
Penalty Kill 4 Players Forward
Center Wing Time % Phy DF OF
1 Kaapo Kakko Derek Ryan 50 1 2 2
2 Joel Armia Trevor Lewis 50 1 2 2
Penalty Kill 4 Players Defense
Defense Defense Time % Phy DF OF
1 Mark Borowiecki Jaycob Megna 50 1 2 2
2 Mike Reilly Nathan Beaulieu 50 1 2 2
Penalty Kill - 3 Players Forward
Forward Time % Phy DF OF
1 Kaapo Kakko 50 1 2 2
2 Derek Ryan 50 1 2 2
Penalty Kill - 3 Players Defense
Defense Defense Time % Phy DF OF
1 Mark Borowiecki Jaycob Megna 50 1 2 2
2 Mike Reilly Nathan Beaulieu 50 1 2 2
4 vs 4 Forward
Center Wing Time % Phy DF OF
1 Kaapo Kakko Derek Ryan 50 1 2 2
2 Joel Armia Trevor Lewis 50 1 2 2
4 vs 4 Defense
Defense Defense Time % Phy DF OF
1 Mark Borowiecki Jaycob Megna 50 1 2 2
2 Mike Reilly Nathan Beaulieu 50 1 2 2
Last Minutes Offensive
Center Left Wing Right Wing Defense Defense
Derek Ryan Joel Armia Kaapo Kakko Mark Borowiecki Jaycob Megna
Last Minutes Defensive
Center Left Wing Right Wing Defense Defense
Derek Ryan Joel Armia Kaapo Kakko Mark Borowiecki Jaycob Megna
Goaltenders
Starting : Pavel Francouz
Backup : Chris Driedger
Extra Forwards
Normal : Ryan Poehling, Klim Kostin, Brendan Perlini - PP : Ryan Poehling, Klim Kostin - PK : Brendan Perlini
Extra Defensemen
Normal : Greg Pateryn, Joel Hanley, Mike Reilly - PP : Greg Pateryn - PK : Joel Hanley, Mike Reilly
Penalty Shots
Kaapo Kakko, Derek Ryan, Joel Armia, Trevor Lewis, Colin Blackwell
Newfoundland Shamrocks
5 vs 5 Forward
Center Left Wing Right Wing Time % Phy DF OF
1 Sean Monahan Denis Gurianov Alex Chiasson 40 1 2 2
2 Raphael Lavoie Max Comtois Nicolas Deslauriers 30 1 2 2
3 Tanner Laczynski Drew O'Connor Riley Barber 20 1 2 2
4 Semyon Der-Arguchintsev Filip Hallander Sam Poulin 10 1 2 2
5 vs 5 Defense
Defense Defense Time % Phy DF OF
1 Jon Merrill Dylan Coghlan 40 1 2 2
2 Alec Regula Ville Heinola 30 1 2 2
3 Jacob Bernard-Docker Wyatte Wylie 20 1 2 2
4 Jon Merrill Dylan Coghlan 10 1 2 2
PowerPlay Forward
Center Left Wing Right Wing Time % Phy DF OF
1 Raphael Lavoie Max Comtois Alex Chiasson 60 1 2 2
2 Semyon Der-Arguchintsev Denis Gurianov Riley Barber 40 1 2 2
PowerPlay Defense
Defense Defense Time % Phy DF OF
1 Sam Poulin Jacob Bernard-Docker 60 1 2 2
2 Nicolas Deslauriers Ville Heinola 40 1 2 2
Penalty Kill 4 Players Forward
Center Wing Time % Phy DF OF
1 Sean Monahan Drew O'Connor 60 1 2 2
2 Tanner Laczynski Filip Hallander 40 1 2 2
Penalty Kill 4 Players Defense
Defense Defense Time % Phy DF OF
1 Jon Merrill Dylan Coghlan 60 1 2 2
2 Wyatte Wylie Alec Regula 40 1 2 2
Penalty Kill - 3 Players Forward
Forward Time % Phy DF OF
1 Sean Monahan 60 1 2 2
2 Tanner Laczynski 40 1 2 2
Penalty Kill - 3 Players Defense
Defense Defense Time % Phy DF OF
1 Jon Merrill Dylan Coghlan 60 1 2 2
2 Alec Regula Wyatte Wylie 40 1 2 2
4 vs 4 Forward
Center Wing Time % Phy DF OF
1 Sean Monahan Alex Chiasson 60 1 2 2
2 Semyon Der-Arguchintsev Denis Gurianov 40 1 2 2
4 vs 4 Defense
Defense Defense Time % Phy DF OF
1 Jon Merrill Dylan Coghlan 60 1 2 2
2 Alec Regula Ville Heinola 40 1 2 2
Last Minutes Offensive
Center Left Wing Right Wing Defense Defense
Raphael Lavoie Max Comtois Sam Poulin Jon Merrill Alec Regula
Last Minutes Defensive
Center Left Wing Right Wing Defense Defense
Tanner Laczynski Alex Chiasson Nicolas Deslauriers Jon Merrill Alec Regula
Goaltenders
Starting : Louis Domingue
Backup : Dustin Tokarski
Extra Forwards
Normal : Max Comtois, Sean Monahan, Denis Gurianov - PP : Sean Monahan, Tanner Laczynski - PK : Nicolas Deslauriers
Extra Defensemen
Normal : Alec Regula, Jon Merrill, Dylan Coghlan - PP : Wyatte Wylie - PK : Ville Heinola, Jacob Bernard-Docker
Penalty Shots
Alex Chiasson, Max Comtois, Nicolas Deslauriers, Riley Barber, Filip Hallander
% Time on Ice - Ste. Rose Royals
Lines # - Real PCT - Wanted PCT - Time Play
Normal Forward
1 - 27% - 30% - 12:15
2 - 30% - 30% - 13:33
3 - 25% - 25% - 11:05
4 - 18% - 15% - 8:04
Normal Defense
1 - 33% - 35% - 14:54
2 - 34% - 35% - 15:30
3 - 32% - 30% - 14:33
4 - 0% - 0% - 0:00
PP Forward
1 - 51% - 50% - 2:02
2 - 49% - 50% - 1:56
PP Defense
1 - 56% - 50% - 2:14
2 - 44% - 50% - 1:44
PK Forward
1 - 51% - 50% - 5:04
2 - 49% - 50% - 4:51
PK Defense
1 - 55% - 50% - 5:28
2 - 45% - 50% - 4:27
PK3 Forward
1 - 0% - 50%
2 - 0% - 50%
PK3 Defense
1 - 0% - 50%
2 - 0% - 50%
44 Forward
1 - 0% - 50%
2 - 0% - 50%
44 Defense
1 - 0% - 50%
2 - 0% - 50%
Last Minute Offensive - 0:00
Last Minute Defensive - 1:10
Total
Forward - 60:00
Defense - 60:00
|
% Time on Ice - Newfoundland Shamrocks
Lines # - Real PCT - Wanted PCT - Time Play
Normal Forward
1 - 32% - 40% - 14:26
2 - 31% - 30% - 13:59
3 - 21% - 20% - 9:39
4 - 15% - 10% - 6:54
Normal Defense
1 - 40% - 40% - 17:52
2 - 35% - 30% - 15:53
3 - 22% - 20% - 10:05
4 - 3% - 10% - 1:08
PP Forward
1 - 58% - 60% - 5:48
2 - 42% - 40% - 4:07
PP Defense
1 - 57% - 60% - 5:41
2 - 43% - 40% - 4:14
PK Forward
1 - 79% - 60% - 3:08
2 - 21% - 40% - 0:50
PK Defense
1 - 63% - 60% - 2:31
2 - 37% - 40% - 1:27
PK3 Forward
1 - 0% - 60%
2 - 0% - 40%
PK3 Defense
1 - 0% - 60%
2 - 0% - 40%
44 Forward
1 - 0% - 60%
2 - 0% - 40%
44 Defense
1 - 0% - 60%
2 - 0% - 40%
Last Minute Offensive - 1:09
Last Minute Defensive - 0:00
Total
Forward - 60:00
Defense - 60:00
|
Play-by-Play
1st period
0:01 of 1st period - Sean Monahan wins face-off versus Derek Ryan in neutral zone.
0:26 of 1st period - Joel Armia is hit by Tanner Laczynski and loses puck.
0:33 of 1st period - Backhand shot by Riley Barber.
0:33 of 1st period - Shot Misses the Net.
0:35 of 1st period - Wrist shot by Alec Regula.
0:35 of 1st period - Shot Misses the Net.
0:37 of 1st period - Slapshot by Ville Heinola.
0:37 of 1st period - Stopped by Pavel Francouz without a rebound.
0:38 of 1st period - Trevor Lewis wins face-off versus Raphael Lavoie in Ste. Rose Royals zone.
0:43 of 1st period - Matthew Peca is hit by Nicolas Deslauriers and loses puck.
1:48 of 1st period - Backhand shot by Kaapo Kakko.
1:48 of 1st period - Stopped by Louis Domingue without a rebound.
1:49 of 1st period - Tanner Laczynski wins face-off versus Derek Ryan in Newfoundland Shamrocks zone.
2:47 of 1st period - Wrist shot by Max Comtois.
2:47 of 1st period - Shot Misses the Net.
3:50 of 1st period - Jacob Bernard-Docker is hit by Joel Armia.
4:07 of 1st period - Off-side.
4:08 of 1st period - Denis Gurianov wins face-off versus Trevor Lewis in neutral zone.
4:11 of 1st period - Snap shot by Alex Chiasson.
4:11 of 1st period - Stopped by Pavel Francouz with a rebound.
4:13 of 1st period - Snap shot by Sean Monahan.
4:13 of 1st period - Shot Blocked by Colin Blackwell.
4:15 of 1st period - Slapshot by Alec Regula.
4:15 of 1st period - Shot Blocked by Nathan Beaulieu.
4:17 of 1st period - Slapshot by Alec Regula.
4:17 of 1st period - Stopped by Pavel Francouz with a rebound.
4:19 of 1st period - Slapshot by Sean Monahan.
4:19 of 1st period - Stopped by Pavel Francouz with a rebound.
4:40 of 1st period - Slapshot by Jon Merrill.
4:40 of 1st period - Shot Blocked by Mike Reilly.
4:42 of 1st period - Backhand shot by Raphael Lavoie.
4:42 of 1st period - Shot Misses the Net.
5:47 of 1st period - Wrist shot by Brendan Perlini.
5:47 of 1st period - Shot Blocked by Ville Heinola.
6:05 of 1st period - Tanner Fritz is hit by Denis Gurianov and loses puck.
6:12 of 1st period - Snap shot by Sean Monahan.
6:12 of 1st period - Deflect By Alex Chiasson.
6:12 of 1st period - Shot Misses the Net.
6:12 of 1st period - Puck is out of play.
6:13 of 1st period - Sean Monahan wins face-off versus Trevor Lewis in Ste. Rose Royals zone.
6:18 of 1st period - Wrist shot by Denis Gurianov.
6:18 of 1st period - Stopped by Pavel Francouz without a rebound.
6:19 of 1st period - Sean Monahan wins face-off versus Matthew Peca in Ste. Rose Royals zone.
6:26 of 1st period - Snap shot by Sean Monahan.
6:26 of 1st period - Stopped by Pavel Francouz with a rebound.
6:28 of 1st period - Snap shot by Denis Gurianov.
6:28 of 1st period - Stopped by Pavel Francouz with a rebound.
7:48 of 1st period - Backhand shot by Denis Gurianov.
7:48 of 1st period - Stopped by Pavel Francouz without a rebound.
7:49 of 1st period - Trevor Lewis wins face-off versus Sean Monahan in Ste. Rose Royals zone.
7:54 of 1st period - Dylan Coghlan is hit by Greg Pateryn and loses puck.
8:15 of 1st period - Snap shot by Ryan Poehling.
8:15 of 1st period - Stopped by Louis Domingue without a rebound.
8:16 of 1st period - Ryan Poehling wins face-off versus Tanner Laczynski in Newfoundland Shamrocks zone.
8:17 of 1st period - Wrist shot by Brendan Perlini.
8:17 of 1st period - Shot Blocked by Tanner Laczynski.
8:29 of 1st period - Wrist shot by Ryan Poehling.
8:29 of 1st period - Shot Blocked by Drew O'Connor.
8:31 of 1st period - Snap shot by Ryan Poehling.
8:31 of 1st period - Stopped by Louis Domingue with a rebound.
9:09 of 1st period - Snap shot by Colin Blackwell.
9:09 of 1st period - Stopped by Louis Domingue with a rebound.
9:11 of 1st period - Backhand shot by Greg Pateryn.
9:11 of 1st period - Shot Misses the Net.
9:27 of 1st period - Jon Merrill is hit by Kristian Vesalainen and loses puck.
10:03 of 1st period - Minor Penalty to Mark Borowiecki for Holding.
10:04 of 1st period - Raphael Lavoie wins face-off versus Kaapo Kakko in Ste. Rose Royals zone.
11:19 of 1st period - Ville Heinola is hit by Joel Hanley and loses puck.
11:30 of 1st period - Jaycob Megna is hit by Alex Chiasson and loses puck.
11:57 of 1st period - Wrist shot by Max Comtois.
11:57 of 1st period - Stopped by Pavel Francouz with a rebound.
11:59 of 1st period - Wrist shot by Max Comtois.
11:59 of 1st period - Shot Misses the Net.
12:01 of 1st period - Wrist shot by Raphael Lavoie.
12:01 of 1st period - Stopped by Pavel Francouz with a rebound.
12:03 of 1st period - Penalty to Mark Borowiecki is over, Mark Borowiecki is back on ice.
12:03 of 1st period - Snap shot by Raphael Lavoie.
12:03 of 1st period - Stopped by Pavel Francouz without a rebound.
12:04 of 1st period - Tanner Laczynski wins face-off versus Trevor Lewis in Ste. Rose Royals zone.
12:05 of 1st period - Wrist shot by Drew O'Connor.
12:05 of 1st period - Shot Misses the Net.
12:56 of 1st period - Ryan Poehling is hit by Sam Poulin and loses puck.
13:34 of 1st period - Greg Pateryn is hit by Filip Hallander and loses puck.
14:13 of 1st period - Snap shot by Brendan Perlini.
14:13 of 1st period - Stopped by Louis Domingue without a rebound.
14:14 of 1st period - Semyon Der-Arguchintsev wins face-off versus Trevor Lewis in Newfoundland Shamrocks zone.
14:25 of 1st period - Minor Penalty to Mike Reilly for Tripping.
14:26 of 1st period - Joel Armia wins face-off versus Raphael Lavoie in Ste. Rose Royals zone.
14:57 of 1st period - Snap shot by Riley Barber.
14:57 of 1st period - Stopped by Pavel Francouz with a rebound.
15:37 of 1st period - Snap shot by Denis Gurianov.
15:37 of 1st period - Shot Blocked by Jaycob Megna.
16:13 of 1st period - Snap shot by Denis Gurianov.
16:13 of 1st period - Shot Blocked by Trevor Lewis.
16:15 of 1st period - Wrist shot by Denis Gurianov.
16:15 of 1st period - Shot Misses the Net.
16:17 of 1st period - Snap shot by Jacob Bernard-Docker.
16:17 of 1st period - Stopped by Pavel Francouz with a rebound.
16:19 of 1st period - Wrist shot by Jacob Bernard-Docker.
16:19 of 1st period - Shot Misses the Net.
16:25 of 1st period - Penalty to Mike Reilly is over, Mike Reilly is back on ice.
16:33 of 1st period - Slapshot by Denis Gurianov.
16:33 of 1st period - Shot Blocked by Nathan Beaulieu.
16:43 of 1st period - Slapshot by Denis Gurianov.
16:43 of 1st period - Stopped by Pavel Francouz with a rebound.
16:49 of 1st period - Wrist shot by Riley Barber.
16:49 of 1st period - Stopped by Pavel Francouz with a rebound.
16:51 of 1st period - Wrist shot by Semyon Der-Arguchintsev.
16:51 of 1st period - Shot Blocked by Trevor Lewis.
16:53 of 1st period - Slapshot by Denis Gurianov.
16:53 of 1st period - Stopped by Pavel Francouz with a rebound.
16:57 of 1st period - Slapshot by Denis Gurianov.
16:57 of 1st period - Stopped by Pavel Francouz with a rebound.
16:59 of 1st period - Slapshot by Semyon Der-Arguchintsev.
16:59 of 1st period - Stopped by Pavel Francouz without a rebound.
17:00 of 1st period - Raphael Lavoie wins face-off versus Ryan Poehling in Ste. Rose Royals zone.
17:17 of 1st period - Dylan Coghlan is hit by Brendan Perlini and loses puck.
17:25 of 1st period - Minor Penalty to Mark Borowiecki for Roughing.
17:26 of 1st period - Raphael Lavoie wins face-off versus Kaapo Kakko in Ste. Rose Royals zone.
17:40 of 1st period - Wrist shot by Max Comtois.
17:40 of 1st period - Shot Blocked by Kaapo Kakko.
19:25 of 1st period - Penalty to Mark Borowiecki is over, Mark Borowiecki is back on ice.
19:44 of 1st period - Grigori Denisenko is hit by Jacob Bernard-Docker and loses puck.
Goals for this period are 0 for Ste. Rose Royals vs 0 for Newfoundland Shamrocks.
Shots for this period are 5 for Ste. Rose Royals vs 18 for Newfoundland Shamrocks.
2nd period
0:01 of 2nd period - Sean Monahan wins face-off versus Derek Ryan in neutral zone.
0:16 of 2nd period - Snap shot by Denis Gurianov.
0:16 of 2nd period - Stopped by Pavel Francouz without a rebound.
0:17 of 2nd period - Trevor Lewis wins face-off versus Raphael Lavoie in Ste. Rose Royals zone.
1:10 of 2nd period - Slapshot by Dylan Coghlan.
1:10 of 2nd period - Stopped by Pavel Francouz with a rebound.
1:12 of 2nd period - Wrist shot by Sam Poulin.
1:12 of 2nd period - Goal by Sam Poulin - Ste. Rose Royals : 0 - Newfoundland Shamrocks : 1.
1:13 of 2nd period - Sean Monahan wins face-off versus Trevor Lewis in neutral zone.
1:38 of 2nd period - Jaycob Megna is hit by Nicolas Deslauriers and loses puck.
1:59 of 2nd period - Wrist shot by Grigori Denisenko.
1:59 of 2nd period - Stopped by Louis Domingue with a rebound.
2:01 of 2nd period - Snap shot by Kristian Vesalainen.
2:01 of 2nd period - Goal by Kristian Vesalainen - Ste. Rose Royals : 1 - Newfoundland Shamrocks : 1.
2:02 of 2nd period - Derek Ryan wins face-off versus Sean Monahan in neutral zone.
2:06 of 2nd period - Minor Penalty to Dylan Coghlan for Hooking.
2:07 of 2nd period - Sean Monahan wins face-off versus Derek Ryan in Newfoundland Shamrocks zone.
2:25 of 2nd period - Ville Heinola is hit by Joel Armia and loses puck.
4:06 of 2nd period - Penalty to Dylan Coghlan is over, Dylan Coghlan is back on ice.
4:13 of 2nd period - Brendan Perlini is hit by Raphael Lavoie and loses puck.
4:18 of 2nd period - Wrist shot by Max Comtois.
4:18 of 2nd period - Shot Hit the Post.
4:30 of 2nd period - Dylan Coghlan is hit by Tanner Fritz and loses puck.
4:35 of 2nd period - Backhand shot by Grigori Denisenko.
4:35 of 2nd period - Shot Misses the Net.
4:37 of 2nd period - Wrist shot by Joel Hanley.
4:37 of 2nd period - Stopped by Louis Domingue with a rebound.
4:39 of 2nd period - Slapshot by Joel Hanley.
4:39 of 2nd period - Deflect By Filip Hallander.
4:39 of 2nd period - Stopped by Louis Domingue with a rebound.
4:41 of 2nd period - Slapshot by Joel Hanley.
4:41 of 2nd period - Deflect By Kristian Vesalainen.
4:41 of 2nd period - Shot Misses the Net.
4:41 of 2nd period - Puck is out of play.
4:42 of 2nd period - Sean Monahan wins face-off versus Ryan Poehling in Newfoundland Shamrocks zone.
5:25 of 2nd period - Wrist shot by Riley Barber.
5:25 of 2nd period - Stopped by Pavel Francouz with a rebound.
5:27 of 2nd period - Wrist shot by Tanner Laczynski.
5:27 of 2nd period - Stopped by Pavel Francouz with a rebound.
5:29 of 2nd period - Slapshot by Jacob Bernard-Docker.
5:29 of 2nd period - Deflect By Drew O'Connor.
5:29 of 2nd period - Shot Misses the Net.
5:29 of 2nd period - Puck is out of play.
5:30 of 2nd period - Derek Ryan wins face-off versus Tanner Laczynski in Ste. Rose Royals zone.
5:37 of 2nd period - Wrist shot by Joel Armia.
5:37 of 2nd period - Stopped by Louis Domingue with a rebound.
5:48 of 2nd period - Minor Penalty to Nathan Beaulieu for Interference.
5:49 of 2nd period - Joel Armia wins face-off versus Raphael Lavoie in Ste. Rose Royals zone.
7:37 of 2nd period - Denis Gurianov is hit by Mark Borowiecki and loses puck.
7:44 of 2nd period - Sam Poulin is hit by Grigori Denisenko and loses puck.
7:48 of 2nd period - Penalty to Nathan Beaulieu is over, Nathan Beaulieu is back on ice.
7:51 of 2nd period - Snap shot by Brendan Perlini.
7:51 of 2nd period - Shot Misses the Net.
7:53 of 2nd period - Backhand shot by Joel Hanley.
7:53 of 2nd period - Shot Misses the Net.
7:55 of 2nd period - Snap shot by Grigori Denisenko.
7:55 of 2nd period - Stopped by Louis Domingue without a rebound.
7:56 of 2nd period - Tanner Laczynski wins face-off versus Ryan Poehling in Newfoundland Shamrocks zone.
8:07 of 2nd period - Wrist shot by Drew O'Connor.
8:07 of 2nd period - Shot Blocked by Joel Hanley.
8:31 of 2nd period - Raphael Lavoie is hit by Greg Pateryn and loses puck.
8:52 of 2nd period - Wrist shot by Trevor Lewis.
8:52 of 2nd period - Stopped by Louis Domingue without a rebound.
8:53 of 2nd period - Tanner Laczynski wins face-off versus Trevor Lewis in Newfoundland Shamrocks zone.
9:06 of 2nd period - Slapshot by Drew O'Connor.
9:06 of 2nd period - Shot Blocked by Nathan Beaulieu.
9:39 of 2nd period - Semyon Der-Arguchintsev is hit by Derek Ryan and loses puck.
10:19 of 2nd period - Alec Regula is hit by Greg Pateryn and loses puck.
10:54 of 2nd period - Slapshot by Max Comtois.
10:54 of 2nd period - Stopped by Pavel Francouz with a rebound.
10:56 of 2nd period - Snap shot by Raphael Lavoie.
10:56 of 2nd period - Shot Blocked by Ryan Poehling.
12:12 of 2nd period - Wrist shot by Colin Blackwell.
12:12 of 2nd period - Shot Blocked by Raphael Lavoie.
12:35 of 2nd period - Off-side.
12:36 of 2nd period - Sean Monahan wins face-off versus Derek Ryan in neutral zone.
12:41 of 2nd period - Kaapo Kakko is hit by Dylan Coghlan and loses puck.
12:52 of 2nd period - Slapshot by Kaapo Kakko.
12:52 of 2nd period - Stopped by Louis Domingue without a rebound.
12:53 of 2nd period - Ryan Poehling wins face-off versus Raphael Lavoie in Newfoundland Shamrocks zone.
12:54 of 2nd period - Slapshot by Klim Kostin.
12:54 of 2nd period - Stopped by Louis Domingue without a rebound.
12:55 of 2nd period - Ryan Poehling wins face-off versus Raphael Lavoie in Newfoundland Shamrocks zone.
13:06 of 2nd period - Snap shot by Ryan Poehling.
13:06 of 2nd period - Deflect By Max Comtois.
13:06 of 2nd period - Stopped by Louis Domingue without a rebound.
13:07 of 2nd period - Derek Ryan wins face-off versus Sean Monahan in Newfoundland Shamrocks zone.
13:08 of 2nd period - Snap shot by Kaapo Kakko.
13:08 of 2nd period - Shot Misses the Net.
13:10 of 2nd period - Slapshot by Joel Hanley.
13:10 of 2nd period - Shot Misses the Net.
13:12 of 2nd period - Snap shot by Derek Ryan.
13:12 of 2nd period - Stopped by Louis Domingue with a rebound.
13:14 of 2nd period - Wrist shot by Derek Ryan.
13:14 of 2nd period - Stopped by Louis Domingue with a rebound.
13:16 of 2nd period - Slapshot by Joel Hanley.
13:16 of 2nd period - Stopped by Louis Domingue with a rebound.
13:18 of 2nd period - Wrist shot by Derek Ryan.
13:18 of 2nd period - Shot Misses the Net.
13:20 of 2nd period - Backhand shot by Joel Armia.
13:20 of 2nd period - Stopped by Louis Domingue without a rebound.
13:21 of 2nd period - Trevor Lewis wins face-off versus Sean Monahan in Newfoundland Shamrocks zone.
13:24 of 2nd period - Slapshot by Matthew Peca.
13:24 of 2nd period - Shot Misses the Net.
13:53 of 2nd period - Wrist shot by Kaapo Kakko.
13:53 of 2nd period - Stopped by Louis Domingue with a rebound.
13:55 of 2nd period - Wrist shot by Derek Ryan.
13:55 of 2nd period - Shot Blocked by Ville Heinola.
13:57 of 2nd period - Wrist shot by Joel Armia.
13:57 of 2nd period - Shot Misses the Net.
13:59 of 2nd period - Snap shot by Jaycob Megna.
13:59 of 2nd period - Stopped by Louis Domingue with a rebound.
14:09 of 2nd period - Slapshot by Ryan Poehling.
14:09 of 2nd period - Stopped by Louis Domingue without a rebound.
14:10 of 2nd period - Drew O'Connor wins face-off versus Brendan Perlini in Newfoundland Shamrocks zone.
14:10 of 2nd period - Drew O'Connor is hit by Klim Kostin.
14:33 of 2nd period - Icing by Brendan Perlini.
14:34 of 2nd period - Sean Monahan wins face-off versus Klim Kostin in Ste. Rose Royals zone.
14:37 of 2nd period - Snap shot by Denis Gurianov.
14:37 of 2nd period - Stopped by Pavel Francouz without a rebound.
14:38 of 2nd period - Sean Monahan wins face-off versus Derek Ryan in Ste. Rose Royals zone.
14:51 of 2nd period - Wrist shot by Sean Monahan.
14:51 of 2nd period - Stopped by Pavel Francouz without a rebound.
14:52 of 2nd period - Sean Monahan wins face-off versus Trevor Lewis in Ste. Rose Royals zone.
14:57 of 2nd period - Snap shot by Denis Gurianov.
14:57 of 2nd period - Shot Blocked by Colin Blackwell.
15:17 of 2nd period - Matthew Peca is hit by Tanner Laczynski and loses puck.
16:44 of 2nd period - Alec Regula is hit by Joel Hanley and loses puck.
17:03 of 2nd period - Slapshot by Trevor Lewis.
17:03 of 2nd period - Shot Blocked by Alec Regula.
18:00 of 2nd period - Off-side.
18:01 of 2nd period - Derek Ryan wins face-off versus Sean Monahan in neutral zone.
19:01 of 2nd period - Wrist shot by Semyon Der-Arguchintsev.
19:01 of 2nd period - Stopped by Pavel Francouz without a rebound.
19:02 of 2nd period - Derek Ryan wins face-off versus Sean Monahan in Ste. Rose Royals zone.
19:02 of 2nd period - Derek Ryan is hit by Alex Chiasson.
19:27 of 2nd period - Off-side.
19:28 of 2nd period - Tanner Laczynski wins face-off versus Ryan Poehling in neutral zone.
19:31 of 2nd period - Snap shot by Drew O'Connor.
19:31 of 2nd period - Stopped by Pavel Francouz with a rebound.
19:36 of 2nd period - Off-side.
19:37 of 2nd period - Sean Monahan wins face-off versus Derek Ryan in neutral zone.
19:42 of 2nd period - Derek Ryan is hit by Jacob Bernard-Docker and loses puck.
19:49 of 2nd period - Slapshot by Joel Armia.
19:49 of 2nd period - Shot Misses the Net.
19:51 of 2nd period - Wrist shot by Mark Borowiecki.
19:51 of 2nd period - Stopped by Louis Domingue without a rebound.
19:52 of 2nd period - Sean Monahan wins face-off versus Brendan Perlini in Newfoundland Shamrocks zone.
Goals for this period are 1 for Ste. Rose Royals vs 1 for Newfoundland Shamrocks.
Shots for this period are 18 for Ste. Rose Royals vs 10 for Newfoundland Shamrocks.
3rd period
0:01 of 3rd period - Derek Ryan wins face-off versus Sean Monahan in neutral zone.
0:04 of 3rd period - Snap shot by Kaapo Kakko.
0:04 of 3rd period - Shot Blocked by Alex Chiasson.
0:37 of 3rd period - Mike Reilly is hit by Raphael Lavoie and loses puck.
0:54 of 3rd period - Snap shot by Colin Blackwell.
0:54 of 3rd period - Stopped by Louis Domingue with a rebound.
1:17 of 3rd period - Snap shot by Sean Monahan.
1:17 of 3rd period - Shot Blocked by Jaycob Megna.
1:19 of 3rd period - Wrist shot by Sean Monahan.
1:19 of 3rd period - Shot Blocked by Jaycob Megna.
1:21 of 3rd period - Wrist shot by Alex Chiasson.
1:21 of 3rd period - Shot Blocked by Kristian Vesalainen.
1:23 of 3rd period - Slapshot by Ville Heinola.
1:23 of 3rd period - Shot Misses the Net.
1:25 of 3rd period - Slapshot by Ville Heinola.
1:25 of 3rd period - Shot Misses the Net.
1:41 of 3rd period - Snap shot by Joel Armia.
1:41 of 3rd period - Shot Blocked by Tanner Laczynski.
1:43 of 3rd period - Slapshot by Kaapo Kakko.
1:43 of 3rd period - Shot Misses the Net.
1:45 of 3rd period - Wrist shot by Jaycob Megna.
1:45 of 3rd period - Stopped by Louis Domingue with a rebound.
1:52 of 3rd period - Icing by Drew O'Connor.
1:53 of 3rd period - Ryan Poehling wins face-off versus Raphael Lavoie in Newfoundland Shamrocks zone.
1:54 of 3rd period - Slapshot by Brendan Perlini.
1:54 of 3rd period - Deflect By Ryan Poehling.
1:54 of 3rd period - Stopped by Louis Domingue with a rebound.
2:14 of 3rd period - Minor Penalty to Greg Pateryn for Cross-checking.
2:15 of 3rd period - Raphael Lavoie wins face-off versus Joel Armia in Ste. Rose Royals zone.
2:30 of 3rd period - Jacob Bernard-Docker is hit by Derek Ryan.
4:14 of 3rd period - Penalty to Greg Pateryn is over, Greg Pateryn is back on ice.
4:37 of 3rd period - Snap shot by Matthew Peca.
4:37 of 3rd period - Stopped by Louis Domingue without a rebound.
4:38 of 3rd period - Trevor Lewis wins face-off versus Semyon Der-Arguchintsev in Newfoundland Shamrocks zone.
4:39 of 3rd period - Snap shot by Matthew Peca.
4:39 of 3rd period - Shot Blocked by Semyon Der-Arguchintsev.
4:41 of 3rd period - Snap shot by Matthew Peca.
4:41 of 3rd period - Shot Blocked by Jon Merrill.
4:43 of 3rd period - Slapshot by Greg Pateryn.
4:43 of 3rd period - Stopped by Louis Domingue with a rebound.
4:45 of 3rd period - Wrist shot by Matthew Peca.
4:45 of 3rd period - Stopped by Louis Domingue without a rebound.
4:46 of 3rd period - Sean Monahan wins face-off versus Derek Ryan in Newfoundland Shamrocks zone.
4:51 of 3rd period - Snap shot by Dylan Coghlan.
4:51 of 3rd period - Stopped by Pavel Francouz with a rebound.
5:15 of 3rd period - Slapshot by Dylan Coghlan.
5:15 of 3rd period - Stopped by Pavel Francouz without a rebound.
5:16 of 3rd period - Raphael Lavoie wins face-off versus Ryan Poehling in Ste. Rose Royals zone.
5:25 of 3rd period - Wrist shot by Nicolas Deslauriers.
5:25 of 3rd period - Shot Misses the Net.
5:27 of 3rd period - Wrist shot by Raphael Lavoie.
5:27 of 3rd period - Stopped by Pavel Francouz with a rebound.
5:29 of 3rd period - Wrist shot by Raphael Lavoie.
5:29 of 3rd period - Stopped by Pavel Francouz without a rebound.
5:30 of 3rd period - Derek Ryan wins face-off versus Sean Monahan in Ste. Rose Royals zone.
5:30 of 3rd period - Derek Ryan is hit by Alex Chiasson.
5:56 of 3rd period - Max Comtois is hit by Klim Kostin and loses puck.
7:15 of 3rd period - Alec Regula is hit by Kaapo Kakko and loses puck.
7:36 of 3rd period - Raphael Lavoie is hit by Brendan Perlini and loses puck.
8:54 of 3rd period - Wrist shot by Max Comtois.
8:54 of 3rd period - Shot Misses the Net.
8:56 of 3rd period - Backhand shot by Raphael Lavoie.
8:56 of 3rd period - Shot Misses the Net.
8:58 of 3rd period - Slapshot by Dylan Coghlan.
8:58 of 3rd period - Deflect By Nicolas Deslauriers.
8:58 of 3rd period - Shot Blocked by Joel Hanley.
8:58 of 3rd period - Puck is out of play.
8:59 of 3rd period - Kaapo Kakko wins face-off versus Sean Monahan in Ste. Rose Royals zone.
9:24 of 3rd period - Snap shot by Colin Blackwell.
9:24 of 3rd period - Stopped by Louis Domingue with a rebound.
10:31 of 3rd period - Kaapo Kakko is hit by Ville Heinola and loses puck.
10:54 of 3rd period - Wrist shot by Max Comtois.
10:54 of 3rd period - Shot Misses the Net.
11:51 of 3rd period - Mike Reilly is hit by Filip Hallander and loses puck.
12:08 of 3rd period - Mark Borowiecki is hit by Ville Heinola and loses puck.
13:00 of 3rd period - Alex Chiasson is hit by Tanner Fritz.
13:16 of 3rd period - Minor Penalty to Semyon Der-Arguchintsev for Interference.
13:17 of 3rd period - Sean Monahan wins face-off versus Trevor Lewis in Newfoundland Shamrocks zone.
13:52 of 3rd period - Slapshot by Mike Reilly.
13:52 of 3rd period - Shot Blocked by Jon Merrill.
14:06 of 3rd period - Alec Regula is hit by Jaycob Megna.
15:16 of 3rd period - Penalty to Semyon Der-Arguchintsev is over, Semyon Der-Arguchintsev is back on ice.
15:29 of 3rd period - Slapshot by Alec Regula.
15:29 of 3rd period - Stopped by Pavel Francouz with a rebound.
15:49 of 3rd period - Icing by Joel Hanley.
15:50 of 3rd period - Raphael Lavoie wins face-off versus Tanner Fritz in Ste. Rose Royals zone.
15:59 of 3rd period - Slapshot by Max Comtois.
15:59 of 3rd period - Stopped by Pavel Francouz with a rebound.
16:09 of 3rd period - Icing by Tanner Fritz.
16:10 of 3rd period - Kristian Vesalainen wins face-off versus Sean Monahan in Ste. Rose Royals zone.
16:15 of 3rd period - Slapshot by Nathan Beaulieu.
16:15 of 3rd period - Stopped by Louis Domingue with a rebound.
16:17 of 3rd period - Slapshot by Kristian Vesalainen.
16:17 of 3rd period - Goal by Kristian Vesalainen - Ste. Rose Royals : 2 - Newfoundland Shamrocks : 1.
16:18 of 3rd period - Ryan Poehling wins face-off versus Tanner Laczynski in neutral zone.
16:43 of 3rd period - Kristian Vesalainen is hit by Dylan Coghlan.
16:53 of 3rd period - Tanner Fritz is hit by Alec Regula and loses puck.
17:08 of 3rd period - Slapshot by Max Comtois.
17:08 of 3rd period - Shot Misses the Net.
17:10 of 3rd period - Wrist shot by Raphael Lavoie.
17:10 of 3rd period - Shot Blocked by Mike Reilly.
17:12 of 3rd period - Wrist shot by Nicolas Deslauriers.
17:12 of 3rd period - Stopped by Pavel Francouz with a rebound.
17:14 of 3rd period - Slapshot by Jacob Bernard-Docker.
17:14 of 3rd period - Shot Blocked by Kaapo Kakko.
17:16 of 3rd period - Slapshot by Wyatte Wylie.
17:16 of 3rd period - Stopped by Pavel Francouz with a rebound.
17:18 of 3rd period - Slapshot by Jacob Bernard-Docker.
17:18 of 3rd period - Stopped by Pavel Francouz with a rebound.
17:30 of 3rd period - Snap shot by Matthew Peca.
17:30 of 3rd period - Shot Misses the Net.
18:28 of 3rd period - Slapshot by Joel Armia.
18:28 of 3rd period - Deflect By Kaapo Kakko.
18:28 of 3rd period - Shot Misses the Net.
18:28 of 3rd period - Puck is out of play.
18:29 of 3rd period - Sean Monahan wins face-off versus Ryan Poehling in Newfoundland Shamrocks zone.
18:56 of 3rd period - Kaapo Kakko is hit by Ville Heinola and loses puck.
19:26 of 3rd period - Snap shot by Kaapo Kakko.
19:26 of 3rd period - Stopped by Louis Domingue with a rebound.
19:28 of 3rd period - Snap shot by Jaycob Megna.
19:28 of 3rd period - Shot Misses the Net.
19:30 of 3rd period - Slapshot by Kaapo Kakko.
19:30 of 3rd period - Stopped by Louis Domingue without a rebound.
19:31 of 3rd period - Dom Ducharme call a timeout for Newfoundland Shamrocks.
19:31 of 3rd period - Raphael Lavoie wins face-off versus Derek Ryan in Newfoundland Shamrocks zone.
19:47 of 3rd period - Jon Merrill is hit by Kaapo Kakko and loses puck.
Goals for this period are 1 for Ste. Rose Royals vs 0 for Newfoundland Shamrocks.
Shots for this period are 11 for Ste. Rose Royals vs 9 for Newfoundland Shamrocks.
Back to the Top